Cogmind - Beta 10.2 @@@ ROGUE MODE // 2021.10.01 @ 22:44:38 Player: User Result: Destroyed by G-67 Veteran with Plasma Rifle Performance ------------- Evolutions (5) 2500 Regions Visited (13) 2600 Robots Destroyed (93) 465 Value Destroyed (4118) 4118 Prototype IDs (24) 480 Alien Tech Used (0) 0 Bonus (1810) 1810 TOTAL SCORE: 11973 Bonus ------- Met Warlord at Base 500 MAIN.C Attacked Warlord 500 Warlord Defense Kill 810 Cogmind --------- Core Integrity 0/1000 Matter 300/300 Energy 69/100 System Corruption 8% Temperature Cool (76) Movement Core (50) Location -5/Warlord Parts ------- > --- POWER (2) -------- (None) > --- PROPULSION (3) --- (None) > --- UTILITY (9) ------ (None) > --- WEAPON (3) ------- (None) > --- INVENTORY (4) ---- (None) Peak State ------------ > --- POWER ------------ Light Fission Core Light Fission Core > --- PROPULSION ------- Medium Treads Heavy Treads > --- UTILITY ---------- Improved Heat Sink Advanced Heat Sink High-capacity Storage Unit Advanced Targeting Computer Improved Kinecellerator Improved Kinecellerator Layered Medium Armor Plating Layered Medium Armor Plating System Guard > --- WEAPON ----------- Improved Arc Projector Flak Gun KE Penetrator > --- INVENTORY -------- Improved Deuterium Engine Light Fission Core Kinecellerator Improved Kinecellerator Improved Kinecellerator Improved Thermal Shield Improved Component Analysis Suite Variable Charge Gun Heavy Beamcaster Phase Cannon Flak Cannon Chainsword [Rating: 87] Favorites ----------- Power Light Nuclear Core Engine Improved Deuterium Engine Power Core Light Nuclear Core Reactor Light Antimatter Reactor Propulsion Carbon-fiber Leg Treads Medium Treads Leg Carbon-fiber Leg Utility Advanced Targeting Computer Device Improved Heat Sink Storage High-capacity Storage Unit Processor Advanced Targeting Computer Protection Layered Medium Armor Plating Weapon Flak Cannon Energy Gun Improved Arc Projector Energy Cannon Vortex Cannon Ballistic Gun Flak Gun Ballistic Cannon Flak Cannon Launcher Improved Grenade Launcher Impact Weapon Maul Slashing Weapon Chainsword Build | -11 -10 -9 -9 -8 -8 -7 -6 -6 -6 -5 -5 -5 -5 ------- Run | Scr Mat Mat Min Mat Sto Fac Fac Low Low Fac Upp Upp War Slots Evolved 10 | . . 2 . 2 . 2 2 . . 2 . . . Power 1 | . . . . . . . 1 . . . . . . Propulsion 1 | . . . . 1 . . . . . . . . . Utility 7 | . . 2 . 1 . 1 1 . . 2 . . . Weapon 1 | . . . . . . 1 . . . . . . . Parts Attached 118 | . 1 3 1 6 22 14 4 15 1 11 19 1 20 Power 16 | . . . . . 3 1 1 2 . 2 4 . 3 Engine 4 | . . . . . 1 1 . . . . 2 . . Core 10 | . . . . . 2 . 1 2 . 2 2 . 1 Reactor 2 | . . . . . . . . . . . . . 2 Propulsion 24 | . . . 1 2 8 4 . 5 . 1 . . 3 Treads 9 | . . . . . 2 1 . 2 . 1 . . 3 Leg 15 | . . . 1 2 6 3 . 3 . . . . . Wheel . | . . . . . . . . . . . . . . Hover . | . . . . . . . . . . . . . . Flight . | . . . . . . . . . . . . . . Utility 37 | . 1 2 . 2 4 3 3 4 . 4 6 . 8 Device 19 | . . 1 . . 3 2 . 2 . 4 6 . 1 Storage 4 | . . . . . 1 . . . . . . . 3 Processor 1 | . . . . 1 . . . . . . . . . Hackware . | . . . . . . . . . . . . . . Protection 13 | . 1 1 . 1 . 1 3 2 . . . . 4 Artifact . | . . . . . . . . . . . . . . Weapon 41 | . . 1 . 2 7 6 . 4 1 4 9 1 6 Energy Gun 8 | . . 1 . 1 1 . . 1 . 1 2 . 1 Energy Cannon 8 | . . . . . . 2 . . 1 . 1 1 3 Ballistic Gun 11 | . . . . . 3 1 . 1 . 2 4 . . Ballistic Cannon 8 | . . . . . 1 3 . 2 . . 1 . 1 Launcher 2 | . . . . . 1 . . . . 1 . . . Special Weapon . | . . . . . . . . . . . . . . Impact Weapon 2 | . . . . 1 1 . . . . . . . . Slashing Weapon 2 | . . . . . . . . . . . 1 . 1 Piercing Weapon . | . . . . . . . . . . . . . . Special Melee Weapon . | . . . . . . . . . . . . . . Unidentified Prototypes 5 | . . . . . . 2 . . . 1 . . 2 Parts Lost 71 | . 1 . 2 1 16 2 . 6 . 1 26 4 12 Power 13 | . . . . . 3 . . 2 . . 6 . 2 Propulsion 13 | . . . 1 . 6 2 . . . . 2 . 2 Utility 25 | . . . . 1 3 . . 4 . 1 10 2 4 Weapon 20 | . 1 . 1 . 4 . . . . . 8 2 4 Highest Loss Streak 12 | . 1 . 2 1 9 1 . 3 . 1 12 4 10 Average Slot Usage (%) 77 | . 97 96 93 97 88 96 93 99 100 94 66 6 21 Engine 2 | . 14 11 11 9 1 6 6 . . . 2 . . Core 5 | . . . . . 5 . 6 12 13 11 4 . . Treads 4 | . . . . . 6 6 . . 13 11 7 . 2 Leg 10 | . 28 22 20 25 17 15 20 19 6 1 . . . Device 14 | . . 7 11 9 12 22 20 13 13 26 24 . 2 Storage 5 | . 14 11 11 9 9 7 6 6 6 5 3 . 1 Processor 5 | . . . . 8 9 7 6 6 6 5 5 5 4 Protection 10 | . 11 22 22 18 10 7 13 19 20 12 . . 1 Energy Gun 3 | . 14 11 7 8 3 4 . 2 6 4 3 . . Energy Cannon 1 | . . . . . . 4 6 . 5 . . . 3 Ballistic Gun 4 | . 14 11 11 9 6 1 . 3 . 5 8 . . Ballistic Cannon 4 | . . . . . 1 9 6 12 6 4 . . . Naked Turns 3 | . . . . . . . . . . . . . 3 Heaviest Build 127 | 10 13 14 14 21 48 68 80 88 87 91 87 . 127 Greatest Support 98 | 20 20 20 20 42 45 49 49 57 56 98 98 3 81 Greatest Overweight (x) 14 | . . . 1 . 3 3 1 1 1 1 14 . 4 Average Overweight (x) . | . . . . . . 1 1 1 1 . 1 . 1 Largest Inventory Capacity 12 | . 6 6 6 6 12 12 12 12 12 12 12 4 12 Average Capacity 9 | . 6 6 6 6 6 12 12 12 12 12 10 4 5 Most Carried 12 | . 6 4 6 6 9 12 12 12 12 12 12 4 5 Average Carried 7 | . 2 2 4 5 3 11 11 11 11 10 6 3 3 Final Capacity 12 | 6 6 6 6 6 12 12 12 12 12 12 4 4 4 Final Carried 12 | 6 3 4 5 5 9 12 12 12 12 12 3 3 . Class Distribution -------------------- 35% | Mutant 29% | Scavenger-Tank 13% | Scavenger-Mutant 12% | Scavenger-Gunner 8% | Gunner Dominant Class ---------------- Mutant | -10/Materials Mutant | -9/Materials Mutant | -9/Mines Mutant | -8/Materials Mutant | -8/Storage Scavenger-Gunner | -7/Factory Scavenger-Mutant | -6/Factory Scavenger-Tank | -6/Lower Caves Scavenger-Tank | -6/Lower Caves Scavenger-Gunner | -5/Factory Gunner | -5/Upper Caves Mutant | -5/Upper Caves Mutant | -5/Warlord Resources | -11 -10 -9 -9 -8 -8 -7 -6 -6 -6 -5 -5 -5 -5 ----------- Run | Scr Mat Mat Min Mat Sto Fac Fac Low Low Fac Upp Upp War Matter Collected 2905 | 200 . 50 28 56 519 255 140 641 10 43 720 . 243 Remotely . | . . . . . . . . . . . . . . Salvage Created 4488 | . 101 50 173 56 1257 589 120 516 . 361 1051 . 214 Parts 184 | . 1 2 6 2 59 18 5 16 . 19 47 . 9 Haulers Intercepted 5 | . 2 . . . 2 . 1 . . . . . . Recyclers Shooed 4 | . . . . . 3 . . . . 1 . . . Parts Field Recycled . | . . . . . . . . . . . . . . Retrieved Matter . | . . . . . . . . . . . . . . Parts Self-Destructed 143 | . . . . . . . . 11 . . 43 . 89 Prevented 12 | . . . . . . . . 3 . . . . 9 Kills | -11 -10 -9 -9 -8 -8 -7 -6 -6 -6 -5 -5 -5 -5 ------- Run | Scr Mat Mat Min Mat Sto Fac Fac Low Low Fac Upp Upp War Combat Hostiles Destroyed 78 | . . 1 4 1 20 7 . 15 . 5 19 . 6 Melee 2 | . . . . . 1 . . . . . . . 1 Guns 50 | . . 1 4 1 16 4 . 2 . 2 19 . 1 Cannons 24 | . . . . . 1 3 . 13 . 3 . . 4 AOE 1 | . . . . . 1 . . . . . . . . Classes Destroyed 15 | . 1 1 . 1 4 . 1 2 . 1 1 . 3 Worker 1 | . . . . . 1 . . . . . . . . Hauler 5 | . 2 . . . 2 . 1 . . . . . . Recycler 5 | . . . . . 2 3 . . . . . . . Operator 1 | . . . . . 1 . . . . . . . . Watcher 3 | . . . . . . . 1 . . 2 . . . Swarmer 10 | . . . . . . . . 4 . . 5 . 1 Grunt 40 | . . 1 4 . 9 4 . 10 . 2 10 . . Brawler 3 | . . . . . . . . . . 1 . . 2 Duelist 1 | . . . . . . . . . . . . . 1 Sentry 13 | . . . . 1 8 3 . . . . 1 . . Specialist 1 | . . . . . . . . . . . . . 1 Hunter 4 | . . . . . 3 . . . . . 1 . . Programmer 4 | . . . . . . . . 1 . 2 1 . . Behemoth 1 | . . . . . . . . . . . 1 . . Striker 1 | . . . . . . . . . . . . . 1 Best Kill Streak 5 | . 1 1 2 1 4 3 1 4 . 3 5 . 3 Combat Bots Only 5 | . . 1 2 1 4 3 . 4 . 3 5 . 3 Max Kills in Single Turn 2 | . 1 1 1 1 2 1 1 1 . 1 1 . 1 Gunslinging . | . . . . . . . . . . . . . . Exploded 1 | . . . . . 1 . . . . . . . . Melee 1 | . . . . . 1 . . . . . . . 1 Uniques/NPCs Destroyed . | . . . . . . . . . . . . . . Combat | -11 -10 -9 -9 -8 -8 -7 -6 -6 -6 -5 -5 -5 -5 -------- Run | Scr Mat Mat Min Mat Sto Fac Fac Low Low Fac Upp Upp War Damage Taken 11246 | . 113 78 264 44 2334 413 54 1498 . 311 3004 435 2698 Core 1782 | . 18 12 11 . 549 42 25 110 . 18 486 278 233 Absorbed by Shields . | . . . . . . . . . . . . . . Core Remaining (%) 77 | 100 92 . 94 . . 94 . . 84 . . . . Volleys Fired 304 | . 11 7 21 3 87 23 7 43 . 16 67 1 18 Largest 3 | . 2 2 2 2 2 3 2 3 . 3 3 1 3 Hottest 204 | . 70 60 60 83 108 157 74 178 . 137 204 90 160 Shots Fired 640 | . 22 14 29 6 135 66 14 128 . 48 148 1 29 Gun 440 | . 22 14 29 6 120 27 . 34 . 32 146 . 10 Cannon 195 | . . . . . 10 39 14 94 . 16 2 1 19 Launcher 5 | . . . . . 5 . . . . . . . . Special . | . . . . . . . . . . . . . . Kinetic 422 | . 11 7 21 3 102 46 7 91 . 32 97 . 5 Thermal 138 | . 11 7 8 3 28 12 7 19 . . 42 1 . Explosive 5 | . . . . . 5 . . . . . . . . Electromagnetic 61 | . . . . . . 8 . 18 . 16 9 . 10 Entropic 14 | . . . . . . . . . . . . . 14 Robot Hit Streak 24 | . 3 7 12 4 24 7 9 10 . 11 23 . 9 Robot Miss Streak 10 | . 4 1 2 1 2 3 7 10 . 5 5 1 2 Penetration Max . | . . . . . . . . . . . . . . Secondary Targets 5 | . . . . . 2 . . . . . 3 . . Max Gunslinging Chain 1 | . . . . . 1 . . . . . 1 . . Shots Hit Robots 515 | . 10 11 21 4 141 43 8 91 . 39 119 2 26 Core Hits 295 | . 5 3 11 2 48 26 7 77 . 39 62 . 15 Critical Hits 4 | . . . . . 2 . . . . . . 1 1 Critical Kills 1 | . . . . . 1 . . . . . . . . Critical Parts Destroyed 3 | . . . . . 1 . . . . . . 1 1 Melee Attacks 44 | . . . . . 39 . . . . . . 2 3 Impact 39 | . . . . . 39 . . . . . . . . Slashing 5 | . . . . . . . . . . . . 2 3 Piercing . | . . . . . . . . . . . . . . Sneak Attacks 5 | . . . . . 5 . . . . . . . . Combat Hostiles . | . . . . . . . . . . . . . . Follow-up Attacks . | . . . . . . . . . . . . . . Damage Inflicted 11167 | . 104 89 161 44 2891 895 235 1681 . 764 2724 111 1468 Guns 5886 | . 104 89 161 44 1476 304 . 347 . 517 2693 . 151 Cannons 3763 | . . . . . 145 523 235 1291 . 247 31 29 1262 Explosions 389 | . . . . . 278 68 . 43 . . . . . Melee 1127 | . . . . . 992 . . . . . . 82 53 Ramming 2 | . . . . . . . . . . . . . 2 Kinetic 6062 | . 40 35 108 10 1179 491 127 1248 . 627 1911 . 286 Thermal 2016 | . 64 54 53 34 442 240 108 250 . . 742 29 . Explosive 278 | . . . . . 278 . . . . . . . . Electromagnetic 706 | . . . . . . 164 . 183 . 137 71 . 151 Impact 992 | . . . . . 992 . . . . . . . . Slashing 135 | . . . . . . . . . . . . 82 53 Piercing . | . . . . . . . . . . . . . . Entropic 976 | . . . . . . . . . . . . . 976 Highest Corruption 8 | . . . . . 1 5 . 1 1 2 2 2 8 Average Corruption 1 | . . . . . 1 5 . 1 1 1 2 2 6 Corruption Purged . | . . . . . . . . . . . . . . Effects 42 | . . . . . 3 2 . 15 . . 14 . 8 Message Errors 12 | . . . . . 1 . . 6 . . 5 . . Heat Flow Errors 5 | . . . . . . . . . . . 2 . 3 Energy Discharges 6 | . . . . . 1 . . 4 . . 1 . . Parts Rejected 1 | . . . . . . . . . . . . . 1 Data Loss (minor) 6 | . . . . . . 1 . 3 . . 2 . . Data Loss (major) 1 | . . . . . . 1 . . . . . . . Targeting Errors 10 | . . . . . 1 . . 1 . . 4 . 4 Weapon Failures 1 | . . . . . . . . 1 . . . . . Overload Shots 1 | . . . . . . . . 1 . . . . . Overflow Damage 219 | . . . . . 135 24 3 13 . . . . 44 Projectiles 91 | . . . . . 7 24 3 13 . . . . 44 Explosions 10 | . . . . . 10 . . . . . . . . Melee 118 | . . . . . 118 . . . . . . . . Knockbacks 27 | . . . . . 2 2 1 14 . 4 . . 4 Impact 2 | . . . . . 2 . . . . . . . . Kinetic 23 | . . . . . . 2 1 13 . 3 . . 4 Secondary 2 | . . . . . . . . 1 . 1 . . . Self-Inflicted Damage 89 | . . . . . 89 . . . . . . . . Shots 5 | . . . . . 5 . . . . . . . . Rammed 1 | . . . . . . . . . . . . . 1 Targets Rammed 1 | . . . . . . . . . . . . . 1 Kicked . | . . . . . . . . . . . . . . Crushed . | . . . . . . . . . . . . . . Highest Temperature 510 | . 93 82 100 68 328 . . 256 . 37 247 10 510 Average Temperature 113 | . 42 38 38 34 132 . . 74 . 15 69 7 267 Received Heat Transfer 2592 | . . 42 159 18 513 120 . 390 . 72 858 . 420 Effects 8 | . . . . . . . . . . . . . 8 Shutdowns 6 | . . . . . . . . . . . . . 6 Energy Bleed 1 | . . . . . . . . . . . . . 1 Short Circuit 1 | . . . . . . . . . . . . . 1 Siege Activations . | . . . . . . . . . . . . . . Robots Corrupted . | . . . . . . . . . . . . . . Combat Hostiles . | . . . . . . . . . . . . . . Parts Fried 3 | . . . . . 1 2 . . . . . . . Impact Corruptions 6 | . . . . . 6 . . . . . . . . Robots Melted . | . . . . . . . . . . . . . . Combat Hostiles . | . . . . . . . . . . . . . . Parts Melted . | . . . . . . . . . . . . . . Heat Transferred 3495 | . 185 125 125 74 925 383 148 309 . . 1184 37 . Parts Sabotaged . | . . . . . . . . . . . . . . Parts Stolen . | . . . . . . . . . . . . . . Parts Stripped . | . . . . . . . . . . . . . . Power Chain Reactions 2 | . . . . . . 1 . 1 . . . . . Missiles Intercepted . | . . . . . . . . . . . . . . Alert | -11 -10 -9 -9 -8 -8 -7 -6 -6 -6 -5 -5 -5 -5 ------- Run | Scr Mat Mat Min Mat Sto Fac Fac Low Low Fac Upp Upp War Peak Influence 353 | . 29 27 90 85 353 244 110 . . 277 . . . Initial 109 | . . 7 10 35 35 109 79 . . 42 . . . Average 143 | . 17 22 59 48 200 178 86 . . 162 . . . Maximum Alert Level 1 | . . . . . 1 1 . . . 1 . . . Low Security (%) 61 | . 100 100 100 100 40 51 100 . . 45 . . . Level 1 38 | . . . . . 59 48 . . . 54 . . . Level 2 . | . . . . . . . . . . . . . . Level 3 . | . . . . . . . . . . . . . . Level 4 . | . . . . . . . . . . . . . . Level 5 . | . . . . . . . . . . . . . . High Security . | . . . . . . . . . . . . . . Max Security . | . . . . . . . . . . . . . . Squads Dispatched 10 | . 2 . . . 4 3 . . . 1 . . . Investigation 2 | . . . . . 2 . . . . . . . . Extermination 2 | . . . . . . 1 . . . 1 . . . Reinforcement 6 | . 2 . . . 2 2 . . . . . . . Assault . | . . . . . . . . . . . . . . Garrison . | . . . . . . . . . . . . . . Intercept . | . . . . . . . . . . . . . . Construction Impeded . | . . . . . . . . . . . . . . Haulers Reinforced . | . . . . . . . . . . . . . . Stealth | -11 -10 -9 -9 -8 -8 -7 -6 -6 -6 -5 -5 -5 -5 --------- Run | Scr Mat Mat Min Mat Sto Fac Fac Low Low Fac Upp Upp War Distress Signals 4 | . . . . . 2 . . . . . . . 2 Communications Jammed . | . . . . . . . . . . . . . . Distress Signals . | . . . . . . . . . . . . . . Times Spotted 138 | . 6 2 4 1 31 10 3 18 . 7 20 8 28 Peak Tracking Total 16 | . 4 2 2 1 6 5 1 4 . 3 5 5 16 Tactical Retreats 7 | . . . . . . 1 . 2 . . 1 3 . Traps | -11 -10 -9 -9 -8 -8 -7 -6 -6 -6 -5 -5 -5 -5 ------- Run | Scr Mat Mat Min Mat Sto Fac Fac Low Low Fac Upp Upp War Traps Triggered 5 | . . . . . 1 2 2 . . . . . . Indirectly . | . . . . . . . . . . . . . . Trap Hack Attempts . | . . . . . . . . . . . . . . Triggered . | . . . . . . . . . . . . . . Disarmed . | . . . . . . . . . . . . . . Reprogrammed 4 | . 4 . . . . . . . . . . . . Reused . | . . . . . . . . . . . . . . Traps Extracted . | . . . . . . . . . . . . . . Installed . | . . . . . . . . . . . . . . Triggered 8 | . . . . . . . . . . . . . 8 Machines | -11 -10 -9 -9 -8 -8 -7 -6 -6 -6 -5 -5 -5 -5 ---------- Run | Scr Mat Mat Min Mat Sto Fac Fac Low Low Fac Upp Upp War Machines Disabled 6 | . . . . . 1 1 . . . 4 . . . Max in Single Turn 4 | . . . . . 1 1 . . . 4 . . . Machines Sabotaged . | . . . . . . . . . . . . . . Garrisons Compromised . | . . . . . . . . . . . . . . Overloaded Fab Kills . | . . . . . . . . . . . . . . Fab Network Shutdowns . | . . . . . . . . . . . . . . Hacking | -11 -10 -9 -9 -8 -8 -7 -6 -6 -6 -5 -5 -5 -5 --------- Run | Scr Mat Mat Min Mat Sto Fac Fac Low Low Fac Upp Upp War Machines Accessed 16 | . 2 1 . . 5 1 1 1 . 1 . . 4 Terminals 6 | . 2 . . . 3 . 1 . . . . . . Fabricators . | . . . . . . . . . . . . . . Repair Stations . | . . . . . . . . . . . . . . Recycling Units 4 | . . 1 . . 2 1 . . . . . . . Scanalyzers 1 | . . . . . . . . . . 1 . . . Garrison Access . | . . . . . . . . . . . . . . Total Hacks 49 | . 8 1 . . 15 3 2 1 . 6 . . 13 Successful 33 | . 3 1 . . 8 2 1 1 . 4 . . 13 Failed 16 | . 5 . . . 7 1 1 . . 2 . . . Catastrophic 1 | . . . . . 1 . . . . . . . . Database Lockouts . | . . . . . . . . . . . . . . Manual 2 | . . . . . 1 . . . . . . . 1 Terminals 17 | . 8 . . . 7 . 2 . . . . . . Fabricators . | . . . . . . . . . . . . . . Repair Stations . | . . . . . . . . . . . . . . Recycling Units 12 | . . 1 . . 8 3 . . . . . . . Scanalyzers 6 | . . . . . . . . . . 6 . . . Garrison Access . | . . . . . . . . . . . . . . Terminal Hacks 23 | . 3 . . . 5 . 1 1 . . . . 13 Record 2 | . . . . . . . . . . . . . 2 Prototype ID Bank 10 | . . . . . . . . . . . . . 10 Open Door 3 | . . . . . 1 . . 1 . . . . 1 Branch Access Points 1 | . . . . . . . 1 . . . . . . Terminal Index 1 | . . . . . 1 . . . . . . . . Alert Level 2 | . . . . . 2 . . . . . . . . Locate Traps 1 | . 1 . . . . . . . . . . . . Reprogram Traps 1 | . 1 . . . . . . . . . . . . Zone Layout 2 | . 1 . . . 1 . . . . . . . . Fabricator Hacks . | . . . . . . . . . . . . . . Repair Station Hacks . | . . . . . . . . . . . . . . Recycling Unit Hacks 6 | . . 1 . . 3 2 . . . . . . . Report Inventory 1 | . . . . . . 1 . . . . . . . Retrieve Components 5 | . . 1 . . 3 1 . . . . . . . Scanalyzer 4 | . . . . . . . . . . 4 . . . Insert Component 2 | . . . . . . . . . . 2 . . . Analyze 2 | . . . . . . . . . . 2 . . . Garrison Access Hacks . | . . . . . . . . . . . . . . Unauthorized Hacks . | . . . . . . . . . . . . . . Terminals . | . . . . . . . . . . . . . . Fabricators . | . . . . . . . . . . . . . . Repair Stations . | . . . . . . . . . . . . . . Recycling Units . | . . . . . . . . . . . . . . Scanalyzers . | . . . . . . . . . . . . . . Garrison Access . | . . . . . . . . . . . . . . Data Cores Recovered . | . . . . . . . . . . . . . . Used . | . . . . . . . . . . . . . . Hacking Detections 7 | . 2 . . . 2 1 1 . . 1 . . . Full Trace Events 2 | . . . . . 2 . . . . . . . . Feedback Events 1 | . . . . . 1 . . . . . . . . Corruption 1 | . . . . . 1 . . . . . . . . Feedback Blocked . | . . . . . . . . . . . . . . Robot Schematics Acquired . | . . . . . . . . . . . . . . Robots Built . | . . . . . . . . . . . . . . Matter . | . . . . . . . . . . . . . . Time . | . . . . . . . . . . . . . . Total Robot Build Rating . | . . . . . . . . . . . . . . Part Schematics Acquired 1 | . . . . . . . . . . 1 . . . Parts Built . | . . . . . . . . . . . . . . Matter . | . . . . . . . . . . . . . . Time . | . . . . . . . . . . . . . . Total Part Build Rating . | . . . . . . . . . . . . . . Parts Repaired . | . . . . . . . . . . . . . . Time . | . . . . . . . . . . . . . . Parts Recycled . | . . . . . . . . . . . . . . Recycled Matter . | . . . . . . . . . . . . . . Retrieved Matter . | . . . . . . . . . . . . . . Retrieved Components 22 | . . 1 . . 19 2 . . . . . . . Parts Scanalyzed 2 | . . . . . . . . . . 2 . . . Part Schematics Acquired 1 | . . . . . . . . . . 1 . . . Parts Damaged . | . . . . . . . . . . . . . . Bothacking | -11 -10 -9 -9 -8 -8 -7 -6 -6 -6 -5 -5 -5 -5 ------------ Run | Scr Mat Mat Min Mat Sto Fac Fac Low Low Fac Upp Upp War Used RIF Installer . | . . . . . . . . . . . . . . Robots Hacked . | . . . . . . . . . . . . . . Non-combat . | . . . . . . . . . . . . . . Combat . | . . . . . . . . . . . . . . Robot Hacks Applied . | . . . . . . . . . . . . . . Relay Couplers Released . | . . . . . . . . . . . . . . Robots Rewired . | . . . . . . . . . . . . . . Allies Hacked . | . . . . . . . . . . . . . . Hacks Repelled . | . . . . . . . . . . . . . . Allies | -11 -10 -9 -9 -8 -8 -7 -6 -6 -6 -5 -5 -5 -5 -------- Run | Scr Mat Mat Min Mat Sto Fac Fac Low Low Fac Upp Upp War Total Allies . | . . . . . . . . . . . . . . Largest Group . | . . . . . . . . . . . . . . Highest-Rated Group . | . . . . . . . . . . . . . . Highest-Rated Ally . | . . . . . . . . . . . . . . Total Orders . | . . . . . . . . . . . . . . Ally Attacks . | . . . . . . . . . . . . . . Total Damage . | . . . . . . . . . . . . . . Kills . | . . . . . . . . . . . . . . Allies Corrupted . | . . . . . . . . . . . . . . Allies Melted . | . . . . . . . . . . . . . . Intel | -11 -10 -9 -9 -8 -8 -7 -6 -6 -6 -5 -5 -5 -5 ------- Run | Scr Mat Mat Min Mat Sto Fac Fac Low Low Fac Upp Upp War Robot Analysis Total . | . . . . . . . . . . . . . . Derelict Logs Recovered 5 | . . . 1 . . . . 2 1 . . 1 . Drone Launches . | . . . . . . . . . . . . . . Drone Recoveries . | . . . . . . . . . . . . . . Exploration | -11 -10 -9 -9 -8 -8 -7 -6 -6 -6 -5 -5 -5 -5 ------------- Run | Scr Mat Mat Min Mat Sto Fac Fac Low Low Fac Upp Upp War Turns Passed 7593 | . 112 198 114 187 884 564 234 1980 189 486 1310 111 1224 Spaces Moved 4197 | 1 64 134 54 131 348 260 111 1139 104 242 559 204 846 Core 1099 | . . . . . 5 . . . . . 113 204 777 Treads 987 | . . . . . 51 . . 75 104 242 446 . 69 Legs 2111 | 1 64 134 54 131 292 260 111 1064 . . . . . Wheels . | . . . . . . . . . . . . . . Hover . | . . . . . . . . . . . . . . Flight . | . . . . . . . . . . . . . . Fastest Speed 50 | 120 120 120 120 120 120 150 156 156 180 160 160 50 50 Average Speed 145 | 120 120 120 122 122 135 170 156 157 180 165 188 50 120 Slowest Speed 750 | 120 120 120 150 123 200 210 156 180 180 180 750 50 250 Overloaded Moves . | . . . . . . . . . . . . . . Propulsion Burnouts . | . . . . . . . . . . . . . . Robots Hopped . | . . . . . . . . . . . . . . Cave-ins Triggered . | . . . . . . . . . . . . . . Exploration Rate (%) 30 | 3 21 17 20 10 49 5 4 93 17 6 56 46 85 Regions Visited 13 Branch Regions 7 Pre-discovered Areas . | . . . . . . . . . . . . . . Known Exits Taken 3 | . . . . . 1 . 1 . . . . 1 . Unknown Exits Taken 10 | 1 1 1 1 1 . 1 . 1 1 1 1 . . Scrap Searched 9 | . . . . . . . . 5 2 . 2 . . Spaces Dug . | . . . . . . . . . . . . . . Terrain Destroyed 92 | . . . . . 24 4 1 8 . 20 34 . 1 Melee . | . . . . . . . . . . . . . . Projectile 43 | . . . . . . . 1 7 . . 34 . 1 AOE 49 | . . . . . 24 4 . 1 . 20 . . . Terrain Rammed . | . . . . . . . . . . . . . . Walls Destroyed . | . . . . . . . . . . . . . . Machines Disabled . | . . . . . . . . . . . . . . Actions | -11 -10 -9 -9 -8 -8 -7 -6 -6 -6 -5 -5 -5 -5 --------- Run | Scr Mat Mat Min Mat Sto Fac Fac Low Low Fac Upp Upp War Total 5064 | . 81 158 77 153 553 330 158 1229 108 294 695 208 1020 Wait 210 | . . 11 . . 19 . 31 10 . . 35 . 104 Move 4184 | . 63 133 53 130 347 259 110 1138 103 241 558 203 846 Hop . | . . . . . . . . . . . . . . Pick Up 124 | . 2 4 2 9 29 15 4 15 2 14 11 . 17 Fast Attach . | . . . . . . . . . . . . . . Attach 82 | . 1 3 1 4 16 4 2 7 . 5 18 1 20 Detach 5 | . . . . . . . . . . . . 1 4 Swap 36 | . . . . 2 6 10 2 8 1 6 1 . . Drop 63 | . 4 . . 5 9 9 2 8 2 12 5 . 7 Fire 304 | . 11 7 21 3 87 23 7 43 . 16 67 1 18 Melee 44 | . . . . . 39 . . . . . . 2 3 Ram . | . . . . . . . . . . . . . . Kick . | . . . . . . . . . . . . . . Crush 1 | . . . . . . . . . . . . . 1 Escape Stasis 10 | . . . . . . 10 . . . . . . . Rewire 1 | . . . . . 1 . . . . . . . . Trap . | . . . . . . . . . . . . . . Miscellaneous . | . . . . . . . . . . . . . . Route ------- -11/Scrapyard -10/Materials -9/Materials -9/Mines (discovered 2 exits: [*Mat] / [*Zio]) -8/Materials (discovered 2 exits: Fac / *Sto) -8/Storage -7/Factory -6/Factory (discovered 2 exits: *Low x2) -6/Lower Caves -6/Lower Caves -5/Factory (discovered 2 exits: Fac / [*Upp]) -5/Upper Caves -5/Upper Caves -5/Warlord History --------- Turn | Location | Event 1 | -11/Scrapyard | Discovered new exit (range 0) 1 | -11/Scrapyard | Entered Materials 101 | -10/Materials | Discovered new exit (range 10) 113 | -10/Materials | Entered another Materials area 113 | -9/Materials | Evolved 2 slots: Utility x2 293 | -9/Materials | Discovered new exit (range 9) 307 | -9/Materials | Build established: Mutant 311 | -9/Materials | Entered Mines 312 | -9/Mines | A Derelict revealed a hidden shortcut to a safe place 384 | -9/Mines | Discovered new exit (range 7) 425 | -9/Mines | Entered Materials 425 | -8/Materials | Evolved 2 slots: Propulsion x1, Utility x1 426 | -8/Materials | Identified exit to Factory 587 | -8/Materials | Discovered new exit (range 9) 612 | -8/Materials | Entered Storage 888 | -8/Storage | Lost 9 parts (1p2n3u3w) 982 | -8/Storage | Core integrity fell below 50% 1049 | -8/Storage | Lost 4 parts (1p3n) 1060 | -8/Storage | Core integrity fell below 20% 1374 | -8/Storage | Build established: Scavenger-Mutant 1473 | -8/Storage | Discovered exit to Factory (range 15) 1496 | -8/Storage | Entered Factory 1496 | -7/Factory | Evolved 2 slots: Utility x1, Weapon x1 1881 | -7/Factory | Build established: Scavenger-Gunner 1936 | -7/Factory | Discovered new exit (range 13) 2060 | -7/Factory | Entered another Factory area 2060 | -6/Factory | Evolved 2 slots: Power x1, Utility x1 2243 | -6/Factory | Discovered new exit (range 15) 2245 | -6/Factory | Identified exit to Lower Caves 2294 | -6/Factory | Entered Lower Caves 2675 | -6/Lower Caves | Build established: Scavenger-Tank 4073 | -6/Lower Caves | Lost 3 parts (1p2u) 4088 | -6/Lower Caves | Learned location of 1 exit from Factory 4099 | -6/Lower Caves | Discovered new exit (range 6) 4274 | -6/Lower Caves | Entered another Lower Caves area 4363 | -6/Lower Caves | Discovered new exit (range 8) 4463 | -6/Lower Caves | Entered Factory 4463 | -5/Factory | Evolved 2 slots: Utility x2 4464 | -5/Factory | Identified exit to Factory 4852 | -5/Factory | Build established: Scavenger-Gunner 4873 | -5/Factory | Discovered new exit (range 12) 4927 | -5/Factory | Found Prototype Launcher 4928 | -5/Factory | Identified Rocket Array 4949 | -5/Factory | Entered Upper Caves 5125 | -5/Upper Caves | Lost 7 parts (2p4u1w) 5374 | -5/Upper Caves | Build established: Gunner 5526 | -5/Upper Caves | Spotted B-75 Beast 5545 | -5/Upper Caves | Destroyed B-75 Beast 5573 | -5/Upper Caves | Lost 3 parts (2u1w) 5657 | -5/Upper Caves | Attracted the attention of an 0b10 checkpoint 5893 | -5/Upper Caves | Lost 12 parts (2p2n3u5w) 6086 | -5/Upper Caves | Build established: Mutant 6228 | -5/Upper Caves | Discovered new exit (range 5) 6248 | -5/Upper Caves | Core integrity fell below 50% 6259 | -5/Upper Caves | Entered another Upper Caves area 6283 | -5/Upper Caves | Identified exit to Warlord 6298 | -5/Upper Caves | Lost 4 parts (2u2w) 6315 | -5/Upper Caves | Spotted B-75 Beast 6370 | -5/Upper Caves | Entered Warlord 6389 | -5/Warlord | System corruption cleaned by Quarantine Array 6727 | -5/Warlord | Met Warlord 6752 | -5/Warlord | Warlord's base attacked by MAIN.C 6898 | -5/Warlord | Found Prototype Energy Cannon 6899 | -5/Warlord | Identified Vortex Cannon 6902 | -5/Warlord | Found Vortex Cannon 7102 | -5/Warlord | Warlord forces counterattacked 7436 | -5/Warlord | Spotted Executioner 7519 | -5/Warlord | Core integrity fell below 20% 7535 | -5/Warlord | Found Prototype Ballistic Cannon 7537 | -5/Warlord | Identified Hvy. Autocannon 7538 | -5/Warlord | Spotted Striker 7538 | -5/Warlord | Spotted Striker 7581 | -5/Warlord | Destroyed Striker 7594 | -5/Warlord | Destroyed by G-67 Veteran with Plasma Rifle Last Messages --------------- 07575_ Lgt. Antimatter Reactor destroyed. 07575_ Hvy. Autocannon destroyed. 07576_ Neutrino Core destroyed. 07577_ VTOL Module fries itself beyond repair. 07579_ Striker destroyed. 07580_ Arm. Medium Treads severed. 07581_ Striker destroyed. 07582_ Phasing Sabre destroyed. 07584_ Hvy. Machine Gun fries itself beyond repair. 07584_ Arm. Medium Treads destroyed. 07585_ System corrupted: Vortex Cannon targeting data glitched. 07587_ B-60 Warrior destroyed. 07589_ System corrupted: Vortex Cannon targeting data glitched. 07589_ G-50 Soldier suffers critical hit. 07589_ Destroyed Carbon-fiber Leg. 07589_ Arm. Medium Treads destroyed. 07589_ Vortex Cannon destroyed. 07591_ Dropped Hcp. Storage Unit. 07591_ Acquired 43 matter. Map ----- +----------------------------------------------------+ | #???????# #???????????????? | | ##################+###??????????????? | | ##### #??????????????? | | #########/######## #??????????????? | | +## """" #?????# #??????????????? | | # """" #?????# #??????????????? | | # """" #?????# ##### #??????????????? | | # """" #########+#####?## "#??????????????? | | # # #??# #??????""???????? | | # # #??# #?????#""#??????? | | # # #### #?????#""#??????? | | # # #"## #######""#####??? | | ########+## # # "" "#### | | #??????# ## %* !=[ ""[* """" | | ###??????# ############;;# !% %!! %""%%=% | | ?????????# #???????#"; % ! !**!%%%!%%%% % | | ?????????# #????????# % *%=%%%%%%!%% | | #######??# #????????## g%! %![%%%%%%%%*% % | | #??# #??#######; g g! ! %%%%%%%%%!% % | | #### #??#!!"""## !s%g m % %%*%%*%=% "= | | ! + #??#!!"""## l%% g =%%""%!/% """ | | ! #### #??#" X"## /#=[%! !%""!! "#"## | | ! #??# #??#"X ; ;;;! %;#"# ##""#####??? | | #??# #??#" ; ##?####""#??????? | | #??# #??##"!!!## #?????#""#??????? | | #??# #?#######;; @ #?????#""#??????? | | #######??# # + """" #??????""#??????? | | # #??# # "" """ # """" ###???????????????? | | + #??# # "" """ # """" #?????????????????? | | # #??# + """ """ # """" ######????????????? | | # #??# # """ # # "#????????????? | | #? #### # "" # # X#????????????? | | #? + # "" ??# """" + "#????????????? | | + ? # # ???# """" # """#????????????? | | # # ###+####### """" ########??????????? | | # + """" #??????????? | | #? # #?????????? | | #? # ##?????????? | | #?? # #??????????? | | #???######+###+########+########## ####??????????? | | #????????# ### ###??????##?????????????? | | #????????# #"" ""#?????????????????????? | | #????????# #""" """#?????????????????????? | | ##???????# """" #"" " ""#?????????????????????? | | ##+###### """" #"""""""#?????????????????????? | | + """" #"""""""#?????????????????????? | | # """" #########?????????????????????? | | ^# #?????????????????????????????? | | ###########?????????????????????????????? | | #######?????????????????????????????????? | +----------------------------------------------------+ Best States ------------- Heat Dissipation 73 Energy Generation 35 Energy Capacity 385 Matter Stores 300 Matter Capacity 300 Sight Range 16 Robot Scan Range 13 Terrain Scan Range 24 Terrain Scan Density 10 Base Temperature (-) 100 Corruption Prevention 12 Armor Coverage 1200 Resistance: TH 25 Resistance: EM 20 Utility Shielding 33 Weapon Shielding 66 Evasion (%) 50 Targeting Accuracy 8 Recoil Reduction 3 Kinecelleration 40 Item Schematics ----------------- Chainsword | -5/Factory | Scanalyzed Robot Schematics ------------------ None Fabricated ------------ Nothing Alien Tech Used ----------------- None Achievements -------------- A Powerful Ally? Challenges ------------ None Game ------ Seed CloakingCoolingRedistributor Manual? 0 Play Time 01:17:05 Cumulative 31.4 hours Start 2021.10.01 @ 21:28:23 End 2021.10.01 @ 22:44:38 Sessions 1 Manual Loads 0 Difficulty Rogue Special Mode None Game No. 58 Rogue 58 Adventurer 0 Explorer 0 Win Type - Total 0 Types 0/0/0/0/0/0/0/0/0 Lore% 30 Gallery% 36 Achievement% 23 Wizard Run 0 Options --------- ASCII 0 Keyboard 0 Movement Mouse Keybinds 0 Fullscreen 2 Font 20/Terminus Map View 66x50 Tactical HUD 1 Map Filters NONE Filters NONE Steam 1 RUN: 1e77c469-a680-4516-bdca-1e9cb6300910